cohdb
Replays
Latest Replays
All Replays
Popular Replays
Top Player Replays
Match Explorer
How It Works
Community
CoH3 Stats
Reddit
Sign in to upload your games and track your stats! →
Sign in with Steam
Match 30750172
Unlisted
Match 30750172
Overview
Messages
Build Orders
End
Construct Infanterie Kompanie
Kettenkrad Recon Vehicle
Selects Breakthrough Battlegroup
Selects Assault Grenadiers
Grenadier Squad
Grenadier Squad
MG 42 Machine Gun Team
Construct Panzergrenadier Kompanie
GrW 34 Mortar Team
251 Medium Carrier
Selects Rapid Production
Infanterie Officer Quarters
Panzergrenadier Squad
Panzergrenadier Squad
Construct Panzer Kompanie
251 Medium Carrier
Stoßtruppen Squad
Selects Smoke Bombing Run
Selects Incendiary Bombing Run
Incendiary Bombing Run
Panzer Officer Quarters
Smoke Bombing Run
Sturmpanzer IV Brummbär
Selects Blitzkrieg
Incendiary Bombing Run
Sturmpanzer IV Brummbär
Barbarossa
Trollak
HulkSMASH
Dr.ANALizator
BeeRye
Kaesar
NSAsBest
Rio
0
0
Comments
sign in to comment!
No comments posted yet!